NYP
ROME BRAVES @ EUGENE EMERALDS
05/24/2046
 
TOP OF THE 1ST
Rome Braves batting - Pitching for Eugene Emeralds : RHP Alvaro Romero
Pitching: RHP Alvaro Romero
Batting: SHB Jose Melendez 0-0: Ball
1-0: Ground out 6-3 (Groundball, 6, EV 89.4 MPH)
Batting: RHB Tim Molchan 0-0: Called Strike
0-1: Ball
1-1: Called Strike
1-2: Ground out 6-3 (Groundball, 6, EV 108.1 MPH)
Batting: RHB Yojiro Hayashi 0-0: Ball
1-0: Ball
2-0: Ball
3-0: Base on Balls
Batting: RHB Armando Moz 0-0: Called Strike
0-1: Ball
Yojiro Hayashi steals 2nd base
1-1: Ground out 6-3 (Groundball, 6, EV 87.5 MPH)
Top of the 1st over - 0 runs, 0 hits, 0 errors, 1 left on base; Rome 0 - Eugene 0
BOTTOM OF THE 1ST
Eugene Emeralds batting - Pitching for Rome Braves : RHP Manny Rolfe
Pitching: RHP Manny Rolfe
Batting: RHB Du Kim 0-0: Called Strike
0-1: Ball
1-1: Fly out, F7 (Line Drive, 7S, EV 88.1 MPH)
Batting: RHB Eric Wiss 0-0: Foul Ball, location: 2F
0-1: Fly out, F6 (Line Drive, 6, EV 69.4 MPH)
Batting: RHB Taylor Garofalo 0-0: Ball
1-0: Called Strike
1-1: Called Strike
1-2: Strikes out swinging
Bottom of the 1st over - 0 runs, 0 hits, 0 errors, 0 left on base; Rome 0 - Eugene 0
TOP OF THE 2ND
Rome Braves batting - Pitching for Eugene Emeralds : RHP Alvaro Romero
Batting: RHB Terry Hughes 0-0: Swinging Strike
0-1: SINGLE (Groundball, 6D, EV 95.0 MPH)
Batting: LHB Joe Phillips 0-0: Ball
Balk!
Terry Hughes to second
Balk!
Terry Hughes to third
1-0: Ground out 1-3 (Groundball, 23, EV 69.4 MPH)
Batting: RHB Gerard Michel 0-0: Ball
1-0: Called Strike
1-1: Ball
2-1: Called Strike
2-2: Ground out 6-3 (Groundball, 56, EV 81.9 MPH)
Terry Hughes scores
Pitching: RHP Carlos Zavala
Batting: RHB Adrian Billups 0-0: Ball
1-0: SINGLE (Groundball, 5S, EV 60.0 MPH) (infield hit)
Batting: RHB George Provance 0-0: Ball
Wild Pitch!
Adrian Billups to second
1-0: SINGLE (Groundball, 34D, EV 108.8 MPH)
Adrian Billups to third
Runner from 3rd tries for Home, throw by RF and OUT! 9-2
Top of the 2nd over - 1 run, 3 hits, 0 errors, 1 left on base; Rome 1 - Eugene 0
BOTTOM OF THE 2ND
Eugene Emeralds batting - Pitching for Rome Braves : RHP Manny Rolfe
Batting: RHB Ryan Bush 0-0: Called Strike
0-1: Swinging Strike
0-2: Strikes out swinging
Batting: RHB Bill Holmes 0-0: Ball
1-0: Called Strike
1-1: Foul Ball, location: 2F
1-2: Strikes out looking
Batting: RHB Tim Long 0-0: Ground out 3-1 (Groundball, 34S, EV 92.5 MPH)
Bottom of the 2nd over - 0 runs, 0 hits, 0 errors, 0 left on base; Rome 1 - Eugene 0
TOP OF THE 3RD
Rome Braves batting - Pitching for Eugene Emeralds : RHP Carlos Zavala
Batting: SHB Jose Melendez 0-0: Fly out, F9 (Flyball, 9LM, EV 87.5 MPH)
Batting: RHB Tim Molchan 0-0: DOUBLE (Flyball, 78D, EV 89.4 MPH)
Batting: RHB Yojiro Hayashi 0-0: Ball
1-0: Swinging Strike
1-1: Ground out 4-3 (Groundball, 4, EV 91.9 MPH)
Tim Molchan to third
Batting: RHB Armando Moz 0-0: Called Strike
0-1: Ball
1-1: Ball
2-1: Ball
3-1: Foul Ball, location: 2F
3-2: DOUBLE (Groundball, 5L, EV 103.1 MPH)
Tim Molchan scores
Batting: RHB Terry Hughes 0-0: Ball
1-0: Ball
2-0: Called Strike
2-1: Foul Ball, location: 2F
2-2: Ground out 3-1 (Groundball, 13, EV 84.4 MPH)
Top of the 3rd over - 1 run, 2 hits, 0 errors, 1 left on base; Rome 2 - Eugene 0
BOTTOM OF THE 3RD
Eugene Emeralds batting - Pitching for Rome Braves : RHP Manny Rolfe
Batting: RHB Jerry Blas 0-0: Foul Ball, location: 2F
0-1: Called Strike
0-2: Ball
1-2: Strikes out swinging
Batting: RHB Josh Asch 0-0: Ball
1-0: Foul Ball, location: 2F
1-1: Ball
2-1: Foul Ball, location: 2F
2-2: Foul Ball, location: 2F
2-2: Strikes out swinging
Batting: RHB Jonathan Ridgely 0-0: Ball
1-0: Foul Ball, location: 2F
1-1: Foul Ball, location: 2F
1-2: Strikes out swinging
Bottom of the 3rd over - 0 runs, 0 hits, 0 errors, 0 left on base; Rome 2 - Eugene 0
TOP OF THE 4TH
Rome Braves batting - Pitching for Eugene Emeralds : RHP Carlos Zavala
Batting: LHB Joe Phillips 0-0: Called Strike
0-1: Ball
1-1: Called Strike
1-2: Ground out U3 (Groundball, 3L, EV 105.0 MPH)
Batting: RHB Gerard Michel 0-0: Ball
1-0: Called Strike
1-1: Foul Ball, location: 2F
1-2: Strikes out swinging
Batting: RHB Adrian Billups 0-0: Ball
1-0: Ball
2-0: Ball
3-0: Called Strike
3-1: Base on Balls
Batting: RHB George Provance 0-0: Ball
1-0: Reached on error, E5 (Groundball, 56S, EV 83.8 MPH)
Adrian Billups to second
Batting: SHB Jose Melendez 0-0: Ball
1-0: Ground out U3 (Groundball, 3, EV 86.9 MPH)
Top of the 4th over - 0 runs, 0 hits, 1 error, 2 left on base; Rome 2 - Eugene 0
BOTTOM OF THE 4TH
Eugene Emeralds batting - Pitching for Rome Braves : RHP Manny Rolfe
Batting: RHB Du Kim 0-0: Ball
1-0: Ball
2-0: Ground out 6-3 (Groundball, 6S, EV 81.2 MPH)
Batting: RHB Eric Wiss 0-0: Ball
1-0: Ball
2-0: Called Strike
2-1: Ball
3-1: Called Strike
3-2: Strikes out swinging
Batting: RHB Taylor Garofalo 0-0: Ball
1-0: Ground out 4-3 (Groundball, 4, EV 78.8 MPH)
Bottom of the 4th over - 0 runs, 0 hits, 0 errors, 0 left on base; Rome 2 - Eugene 0
TOP OF THE 5TH
Rome Braves batting - Pitching for Eugene Emeralds : RHP Carlos Zavala
Batting: RHB Tim Molchan 0-0: Swinging Strike
0-1: SINGLE (Groundball, 13, EV 69.4 MPH) (infield hit)
Batting: RHB Yojiro Hayashi 0-0: Ball
1-0: SINGLE (Groundball, 6MD, EV 105.0 MPH)
Tim Molchan to second
Batting: RHB Armando Moz 0-0: Foul Ball, location: 2F
0-1: Foul Ball, location: 2F
0-2: Ball
1-2: Ball
2-2: SINGLE (Groundball, 6D, EV 96.2 MPH)
Tim Molchan to third
Yojiro Hayashi to second
Runner from 3rd tries for Home, SAFE, throw by CF to home
Batting: RHB Terry Hughes 0-0: Called Strike
0-1: Ball
1-1: SINGLE (Line Drive, 6MD, EV 100.0 MPH)
Yojiro Hayashi to third
Armando Moz to second
Batting: LHB Joe Phillips 0-0: Ball
1-0: Ball
2-0: Called Strike
2-1: Swinging Strike
2-2: Ball
3-2: Base on Balls
Yojiro Hayashi scores
Armando Moz to third
Terry Hughes to second
Batting: RHB Gerard Michel 0-0: Ball
1-0: Ball
2-0: SINGLE (Groundball, 4MD, EV 106.9 MPH)
Armando Moz scores
Terry Hughes to third
Joe Phillips to second
Batting: RHB Adrian Billups 0-0: Ball
1-0: Called Strike
1-1: Ball
2-1: Ball
3-1: Base on Balls
Terry Hughes scores
Joe Phillips to third
Gerard Michel to second
Batting: RHB George Provance 0-0: Called Strike
0-1: Ball
1-1: Ball
2-1: Foul Ball, location: 2F
2-2: SINGLE (Groundball, 6MD, EV 96.9 MPH)
Joe Phillips scores
Gerard Michel to third
Adrian Billups to second
Batting: SHB Jose Melendez 0-0: Swinging Strike
0-1: SINGLE (Groundball, 4MD, EV 108.8 MPH)
Gerard Michel scores
Adrian Billups to third
George Provance to second
Runner from 3rd tries for Home, SAFE, throw by CF to home
Batting: RHB Tim Molchan 0-0: Ball
1-0: Called Strike
Balk!
George Provance to third
Jose Melendez to second
1-1: Swinging Strike
1-2: Foul Ball, location: 2F
1-2: Ball
2-2: Strikes out looking
Batting: RHB Yojiro Hayashi 0-0: Foul Ball, location: 2F
0-1: Ball
1-1: DOUBLE (Line Drive, 7LS, EV 110.0 MPH)
George Provance scores
Jose Melendez scores
Batting: RHB Armando Moz 0-0: Fly out, F8 (Flyball, 8RM, EV 77.5 MPH)
Batting: RHB Terry Hughes 0-0: Ball
1-0: Fly out, F8 (Line Drive, 8LD, EV 93.8 MPH)
Top of the 5th over - 9 runs, 8 hits, 0 errors, 1 left on base; Rome 11 - Eugene 0
BOTTOM OF THE 5TH
Eugene Emeralds batting - Pitching for Rome Braves : RHP Manny Rolfe
Batting: RHB Ryan Bush 0-0: Ball
1-0: Ball
2-0: Ball
3-0: Called Strike
3-1: Called Strike
3-2: Ground out 5-3 (Groundball, 15, EV 86.2 MPH)
Batting: RHB Bill Holmes 0-0: Called Strike
0-1: Ball
1-1: Ball
2-1: Foul Ball, location: 2F
2-2: Ball
3-2: Strikes out looking
Batting: RHB Tim Long 0-0: Called Strike
0-1: Foul Ball, location: 2F
0-2: Strikes out looking
Bottom of the 5th over - 0 runs, 0 hits, 0 errors, 0 left on base; Rome 11 - Eugene 0
TOP OF THE 6TH
Rome Braves batting - Pitching for Eugene Emeralds : RHP Carlos Zavala
Batting: LHB Joe Phillips 0-0: Ball
1-0: Ball
2-0: Ball
3-0: Called Strike
3-1: SINGLE (Line Drive, 6D, EV 96.9 MPH)
Batting: RHB Gerard Michel 0-0: SINGLE (Flyball, 8LS, EV 90.0 MPH)
Joe Phillips to second
Batting: RHB Adrian Billups 0-0: Called Strike
0-1: Grounds into double play, 3-6-3 (Groundball, 34, EV 97.5 MPH)
Joe Phillips to third
Batting: RHB George Provance 0-0: Ground out 6-3 (Groundball, 6S, EV 75.6 MPH)
Top of the 6th over - 0 runs, 2 hits, 0 errors, 1 left on base; Rome 11 - Eugene 0
BOTTOM OF THE 6TH
Eugene Emeralds batting - Pitching for Rome Braves : RHP Manny Rolfe
Batting: RHB Jerry Blas 0-0: Fly out, F9 (Flyball, 9D, EV 101.2 MPH)
Batting: RHB Josh Asch 0-0: Called Strike
0-1: Called Strike
0-2: Strikes out swinging
Batting: RHB Jonathan Ridgely 0-0: Ball
1-0: Ball
2-0: Ground out 6-3 (Groundball, 6S, EV 70.0 MPH)
Bottom of the 6th over - 0 runs, 0 hits, 0 errors, 0 left on base; Rome 11 - Eugene 0
TOP OF THE 7TH
Rome Braves batting - Pitching for Eugene Emeralds : RHP Carlos Zavala
Batting: SHB Jose Melendez 0-0: Fly out, F8 (Flyball, 78M, EV 89.4 MPH)
Batting: RHB Tim Molchan 0-0: Ball
1-0: Swinging Strike
1-1: Ball
2-1: Called Strike
2-2: Foul Ball, location: 2F
2-2: Ball
3-2: Base on Balls
Pinch Hitting: LHB Malik Boulay 0-0: Called Strike
0-1: Foul Ball, location: 2F
0-2: Ball
1-2: Ball
2-2: Strikes out swinging
Batting: RHB Armando Moz 0-0: SINGLE (Line Drive, 8LS, EV 104.4 MPH)
Tim Molchan to second
Batting: RHB Terry Hughes 0-0: DOUBLE (Line Drive, 89M, EV 86.9 MPH)
Tim Molchan scores
Armando Moz to third
Pinch Hitting: RHB Phil Holman 0-0: Ball
1-0: Ball
2-0: Ball
3-0: Base on Balls
Batting: RHB Gerard Michel 0-0: SINGLE (Groundball, 4MD, EV 103.1 MPH)
Armando Moz scores
Terry Hughes to third
Phil Holman to second
Batting: RHB Adrian Billups 0-0: Fielders Choice at 2nd, 6-4 (Groundball, 6, EV 81.9 MPH)
Top of the 7th over - 2 runs, 3 hits, 0 errors, 3 left on base; Rome 13 - Eugene 0
BOTTOM OF THE 7TH
Eugene Emeralds batting - Pitching for Rome Braves : RHP Manny Rolfe
Now at 2B: Malik Boulay
Now in RF: Adonis Jenifer
Batting: RHB Du Kim 0-0: Ball
1-0: Ball
2-0: Ground out 6-3 (Groundball, 6, EV 105.0 MPH)
Batting: RHB Eric Wiss 0-0: Called Strike
0-1: Foul Ball, location: 2F
0-2: Strikes out looking
Batting: RHB Taylor Garofalo 0-0: Ground out 3-1 (Groundball, 34, EV 101.9 MPH)
Bottom of the 7th over - 0 runs, 0 hits, 0 errors, 0 left on base; Rome 13 - Eugene 0
TOP OF THE 8TH
Rome Braves batting - Pitching for Eugene Emeralds : RHP Carlos Zavala
Batting: RHB George Provance 0-0: Ground out 1-3 (Groundball, 13S, EV 75.0 MPH)
Batting: SHB Jose Melendez 0-0: Called Strike
0-1: Ball
1-1: DOUBLE (Groundball, 3L, EV 98.8 MPH)
Batting: RHB Tim Molchan 0-0: Called Strike
0-1: SINGLE (Flyball, 56D, EV 85.0 MPH)
Jose Melendez to third
Batting: LHB Malik Boulay 0-0: DOUBLE (Groundball, 3L, EV 105.0 MPH)
Jose Melendez scores
Tim Molchan to third
Runner from 3rd tries for Home, SAFE, throw by RF to trailing runner, SAFE at third!
Batting: RHB Armando Moz 0-0: Ball
1-0: SINGLE (Line Drive, 8RS, EV 105.6 MPH)
Malik Boulay scores
Batting: RHB Terry Hughes 0-0: SINGLE (Groundball, 6MD, EV 106.9 MPH)
Armando Moz to second
Batting: RHB Adonis Jenifer 0-0: Fly out, F8 (Flyball, 89M, EV 90.6 MPH)
Batting: RHB Gerard Michel 0-0: Ball
Wild Pitch!
Armando Moz to third
Terry Hughes to second
1-0: Ball
2-0: Ball
3-0: Called Strike
3-1: Base on Balls
Batting: RHB Adrian Billups 0-0: Ball
1-0: Ball
2-0: Ball
3-0: Base on Balls
Armando Moz scores
Terry Hughes to third
Gerard Michel to second
Batting: RHB George Provance 0-0: Foul Ball, location: 2F
0-1: Foul Ball, location: 2F
0-2: Strikes out swinging
Top of the 8th over - 4 runs, 5 hits, 0 errors, 3 left on base; Rome 17 - Eugene 0
BOTTOM OF THE 8TH
Eugene Emeralds batting - Pitching for Rome Braves : RHP Manny Rolfe
Batting: RHB Ryan Bush 0-0: Called Strike
0-1: Ball
1-1: Called Strike
1-2: Ball
2-2: Strikes out swinging, 2-3 out at first.
Batting: RHB Bill Holmes 0-0: Foul Ball, location: 2F
0-1: Swinging Strike
0-2: Ground out 6-3 (Groundball, P, EV 84.4 MPH)
Batting: RHB Tim Long 0-0: Foul Ball, location: 2F
0-1: Fly out, F8 (Line Drive, 78D, EV 91.2 MPH)
Bottom of the 8th over - 0 runs, 0 hits, 0 errors, 0 left on base; Rome 17 - Eugene 0
TOP OF THE 9TH
Rome Braves batting - Pitching for Eugene Emeralds : RHP Carlos Zavala
Batting: SHB Jose Melendez 0-0: Ball
1-0: Foul Ball, location: 2F
1-1: Ball
2-1: Ground out 3-1 (Groundball, 34S, EV 80.0 MPH)
Batting: RHB Tim Molchan 0-0: SINGLE (Line Drive, 8RS, EV 93.1 MPH)
Batting: LHB Malik Boulay 0-0: Called Strike
0-1: SINGLE (Groundball, 6MS, EV 68.8 MPH) (infield hit)
Tim Molchan to second
Pinch Hitting: LHB Andres Aldape 0-0: Ball
1-0: Ball
Passed Ball!
Tim Molchan to third
Malik Boulay to second
2-0: Ball
3-0: Called Strike
3-1: Base on Balls
Batting: RHB Terry Hughes 0-0: SINGLE (Groundball, 6MD, EV 100.0 MPH)
Tim Molchan scores
Malik Boulay to third
Andres Aldape to second
Batting: RHB Adonis Jenifer 0-0: Fielders Choice at 2nd, 6-4 (Groundball, 6, EV 86.9 MPH)
Malik Boulay scores
Andres Aldape to third
Batting: RHB Gerard Michel 0-0: Fielders Choice at 2nd, 5-4 (Groundball, 5L, EV 101.9 MPH)
Top of the 9th over - 2 runs, 3 hits, 0 errors, 2 left on base; Rome 19 - Eugene 0
BOTTOM OF THE 9TH
Eugene Emeralds batting - Pitching for Rome Braves : RHP Manny Rolfe
Now at C: Andres Aldape
Batting: RHB Jerry Blas 0-0: Ball
1-0: Swinging Strike
1-1: Foul Ball, location: 2F
1-2: Strikes out swinging
Batting: RHB Josh Asch 0-0: Called Strike
0-1: Ground out 5-3 (Groundball, 56, EV 93.8 MPH)
Batting: RHB Jonathan Ridgely 0-0: Called Strike
0-1: Ball
1-1: Foul Ball, location: 2F
1-2: Strikes out swinging
Bottom of the 9th over - 0 runs, 0 hits, 0 errors, 0 left on base; Rome 19 - Eugene 0
Tuesday, September 13th , 2022 - OOTP Baseball 23.7 Build 88